 Dungeon Crawl Stone Soup version 0.28-a0-1387-g3a22ab9bdc (webtiles) character file.

Game seed: 4854525011046510059

960 enile the Ducker (level 7, -4/32 HPs)
             Began as a Felid Summoner on Jan 3, 2022.
             Was an Initiate of Yredelemnul.
             Slain by a vampire mosquito (6 damage)
             ... on level 7 of the Dungeon.
             The game lasted 00:34:23 (12115 turns).

enile the Ducker (Felid Summoner)                  Turns: 12115, Time: 00:34:24

Health: -4/32      AC:  2    Str:  4    XL:     7   Next: 92%
Magic:  12/12      EV: 21    Int: 19    God:    Yredelemnul [......]
Gold:   389        SH:  0    Dex: 16    Spells: 3/12 levels left
                                        Lives:  0   Deaths: 2

rFire   . . .      SeeInvis +     - Unarmed
rCold   . . .      Faith    .   (shield unavailable)
rNeg    . . .      Spirit   .   (armour unavailable)
rPois   .          Reflect  .   (helmet unavailable)
rElec   .          Harm     .   (cloak unavailable)
rCorr   .          Rampage  .   (gloves unavailable)
Will    +....                   (boots unavailable)
Stlth   +++.......              l - amulet of magic regeneration
HPRegen 0.10/turn               (no ring)
MPRegen 0.53/turn               (no ring)

@: quick
A: very small, claws 1, fangs 3, see invisible, speed 1, shaggy fur 2, stealthy
paws, no weapons or thrown items, no armour, multi-lived
a: Renounce Religion, Recall Undead Harvest


You were on level 7 of the Dungeon.
You worshipped Yredelemnul.
Yredelemnul was noncommittal.
You visited 2 branches of the dungeon, and saw 9 of its levels.

You collected 389 gold pieces.

Inventory:

Jewellery
 a - an amulet of guardian spirit
 l - an amulet of magic regeneration (around neck)
 q - the amulet "Kiokaz" {Faith Regen+ Slay+3 SInv}
   (You found it on level 4 of the Dungeon)

   [amulet of faith]

   It allows you to gain divine favour quickly.
   Slay:      It affects your accuracy & damage with ranged weapons and melee
   (+3).
   SInv:      It lets you see invisible.
   Regen:     It increases your rate of health regeneration.
Wands
 c - a wand of acid (10)
 o - a wand of iceblast (7)
Scrolls
 d - 6 scrolls of identify {unknown}
 h - a scroll of enchant weapon
 i - a scroll of enchant armour
 j - a scroll of fog
 k - a scroll of noise {unknown}
 t - 3 scrolls of teleportation {unknown}
Potions
 b - 2 potions of ambrosia {unknown}
 e - 2 potions of lignification {unknown}
 g - 2 potions of curing
 m - 2 potions of might
 n - 2 potions of brilliance {unknown}
 p - 2 potions of heal wounds {unknown}
 r - a potion of mutation {unknown}
 s - a potion of attraction {unknown}


   Skills:
 - Level 4.0 Fighting
 - Level 7.0 Dodging
 - Level 5.0 Stealth
 - Level 4.0 Unarmed Combat
 - Level 3.0 Spellcasting
 - Level 6.0 Hexes
 - Level 6.0 Summonings
 - Level 4.0 Transmutations
 - Level 2.0 Poison Magic
 + Level 3.0 Invocations


You had 3 spell levels left.
You knew the following spells:

 Your Spells              Type           Power      Damage    Failure   Level
a - Summon Small Mammal   Summ           100%       N/A       1%          1
b - Call Imp              Summ           25%        N/A       1%          2
c - Summon Guardian Gole  Hex/Summ       25%        N/A       3%          3
d - Spider Form           Tmut/Pois      14%        N/A       13%         3

Your spell library contained the following spells:

 Spells                   Type           Power      Damage    Failure   Level
 Beastly Appendage        Tmut           36%        N/A       3%          1
 Call Canine Familiar     Summ           25%        N/A       3%          3
 Wereblood                Tmut           18%        N/A       4%          2
 Summon Lightning Spire   Summ/Air       14%        N/A       41%         4
 Ice Form                 Ice/Tmut       10%        N/A       54%         4
 Hailstorm                Conj/Ice       2%         3d3       83%         4
 Simulacrum               Ice/Necr       1%         N/A       100%        6


Dungeon Overview and Level Annotations

Branches:
Dungeon (8/15)             Temple (1/1) D:6
   Lair: D:8-11

Altars:
Ashenzari
Cheibriados
Dithmenos
Elyvilon
Fedhas
Gozag
Hepliaklqana
Kikubaaqudgha
Makhleb
Okawaru
Qazlal
Ru
Sif Muna
Trog
Uskayaw
Vehumet
Wu Jian
Xom
Yredelemnul
Zin
The Shining One

Annotations:
D:6 exclusion: statue


Innate Abilities, Weirdness & Mutations

You have sharp claws.
You have razor-sharp teeth.
You have supernaturally acute eyesight. (SInv)
You cover ground quickly. (Speed+)
You are covered in thick fur. (AC +2)
Your paws help you pounce on unaware monsters.
You are incapable of wielding weapons or throwing items.
You cannot wear armour.
You gain extra lives every three experience levels.


Message History

There are monsters nearby!
The vampire mosquito bites you.
The vampire mosquito draws strength from your injuries!
You climb upwards.
There is a stone staircase leading down here.
Casting: Call Imp (safe; 1% risk of failure)
Confirm with . or Enter, or press ? or * to list all spells.
A beastly little devil appears in a puff of flame.
The vampire mosquito closely misses you.
The vampire mosquito bites you!
The vampire mosquito draws strength from your injuries!
The vampire mosquito bites you but does no damage.
The vampire mosquito bites you!
The vampire mosquito draws strength from your injuries!
Unknown command.
You swap places.
The vampire mosquito completely misses your crimson imp.
The vampire mosquito bites your crimson imp!
The vampire mosquito bites your crimson imp.
Your crimson imp dies!
Your crimson imp disappears in a puff of smoke!
Casting: Call Imp (safe; 1% risk of failure)
Confirm with . or Enter, or press ? or * to list all spells.
A beastly little devil appears in a puff of flame.
The vampire mosquito completely misses you.
The vampire mosquito bites you!
* * * LOW HITPOINT WARNING * * *
The vampire mosquito draws strength from your injuries!
The vampire mosquito barely misses you.
Your crimson imp misses the vampire mosquito.
You see here 23 stones.
The vampire mosquito misses you. The vampire mosquito bites you.
* * * LOW HITPOINT WARNING * * *
The vampire mosquito draws strength from your injuries!
As you read the scroll labelled DOSIESK ILONA, it crumbles to dust.
You feel momentarily disoriented.
It was a scroll of magic mapping.
The vampire mosquito bites you.
You die...
Your body rises from the dead as a mindless zombie.

#.######## #........# ######
#.######.# .....# #.# #.#
####.############.# #.# #
#.....Z..##....######.# #
#..#####.##.#.........#
####..#####.##.#.##############
................@y.5...>......#
####..##.##.####.##.#..######.# #
#...#.##.# #.#..........#.#
####.#.#.##.####.####..#..#.#.###
.........#.......####..#..#......
.........##.........#..#..###.##.
.........##.........#..#..# #....
..........#.........#..#..# #####
..........#.........#..#..#


You could see a vampire mosquito (ally target) and a friendly crimson imp
(summoned).

Vanquished Creatures
  Duvessa (D:7)
  A black bear (D:6)
  An ice beast (D:5)
  A sky beast (D:4)
  A kobold brigand (D:6)
  2 bullfrogs (D:7)
  A vampire bat (D:6)
  A centaur skeleton (D:7)
  2 hounds (D:6)
  An iguana (D:5)
  2 orc wizards (D:5)
  A killer bee zombie (D:7)
  3 adders (D:6)
  A worm (D:4)
  3 dart slugs
  5 orcs
  5 ball pythons
  An endoplasm (D:1)
  5 giant cockroaches
  A goblin (D:3)
  2 hobgoblins
  2 jackals
  2 quokkas (D:2)
  8 bats
  3 frilled lizards
  4 kobolds
  4 rats
64 creatures vanquished.

Vanquished Creatures (collateral kills)
  A steam dragon (D:7)
  A necrophage (D:6)
  A phantom (D:5)
  2 scorpions
  A bullfrog (D:7)
  Dowan (D:7)
  2 vampire bats (D:6)
  A howler monkey (D:5)
  A jelly (D:3)
  A bullfrog zombie (D:6)
  A hound (D:5)
  2 orc priests (D:7)
  An iguana (D:3)
  Terence (D:2)
  2 orc wizards
  6 adders
  A white imp (D:6)
  An ufetubus (D:6)
  A dart slug (D:1)
  9 orcs
  3 ball pythons
  3 bats
  2 endoplasms (D:1)
  2 giant cockroaches (D:1)
  3 hobgoblins
  6 jackals
  5 kobolds
  3 quokkas
  A frilled lizard (D:2)
  A goblin (D:1)
66 creatures vanquished.

Vanquished Creatures (others)
  An orc warrior (D:7)
  An ice beast (D:6)
  A centaur (D:7)
  A bullfrog zombie (D:7)
  A centaur zombie (D:7)
  A gnoll shaman (D:7)
  A steam dragon zombie (D:7)
  3 gnolls (D:7)
  2 orcs (D:8)
  A kobold (D:8)
  2 orc zombies (D:7)
  16 plants (D:4)
  A withered plant (D:3)
32 creatures vanquished.

Grand Total: 162 creatures vanquished

Notes
Turn   | Place    | Note
-------+----------+-------------------------------------------
     0 | D:1      | enile the Felid Summoner began the quest for the Orb.
     0 | D:1      | Reached XP level 1. HP: 7/7 MP: 4/4
   297 | D:1      | Reached XP level 2. HP: 5/12 MP: 1/6
   493 | D:1      | Reached skill level 1 in Fighting
   581 | D:1      | Learned a level 2 spell: Call Imp
  1218 | D:1      | Reached XP level 3. HP: 15/15 MP: 5/8
  1750 | D:2      | Reached skill level 3 in Dodging
  1818 | D:2      | Noticed Terence
  2039 | D:2      | Killed Terence
  2213 | D:2      | Reached XP level 4. HP: 19/19 MP: 5/9
  2853 | D:3      | Reached skill level 4 in Dodging
  2857 | D:3      | Learned a level 3 spell: Summon Guardian Golem
  2957 | D:3      | Reached XP level 5. HP: 21/23 MP: 3/10
  3084 | D:3      | Found an ancient bone altar of Kikubaaqudgha.
  3655 | D:4      | Noticed a sky beast
  3795 | D:4      | Killed a sky beast
  3796 | D:4      | Reached skill level 5 in Dodging
  3796 | D:4      | Reached skill level 1 in Unarmed Combat
  3796 | D:4      | Gained mutation: You are covered in thick fur. (AC +2)
                  | [Felid growth]
  3796 | D:4      | Reached XP level 6. HP: 7/28 MP: 0/11
  4476 | D:4      | Reached skill level 5 in Stealth
  4623 | D:4      | Identified the amulet "Kiokaz" {Faith Regen+ Slay+3 SInv}
  5136 | D:5      | Entered Level 5 of the Dungeon
  5263 | D:5      | Reached XP level 7. HP: 10/32 MP: 1/12
  5554 | D:5      | Found a large runed translucent door.
  5555 | D:5      | Found a large runed translucent door.
  5822 | D:5      | Found an iron altar of Okawaru.
  6523 | D:5      | Reached skill level 5 in Summonings
  6942 | D:5      | Learned a level 3 spell: Spider Form
  7114 | D:5      | Reached skill level 1 in Transmutations
  7298 | D:5      | Slain by an ice beast
  7299 | D:5      | Reached XP level 6. HP: -5/28 MP: 0/11
  7299 | D:5      | Killed an ice beast
  7462 | D:5      | Found an ornate altar of the Wu Jian Council.
  7462 | D:5      | Noticed a sky beast
  7465 | D:5      | Found a bloodstained altar of Trog.
  7584 | D:6      | Reached skill level 1 in Hexes
  7585 | D:6      | Noticed an ice beast
  7857 | D:6      | Found a radiant altar of Vehumet.
  7879 | D:6      | Killed an ice beast
  7880 | D:6      | Reached skill level 1 in Poison Magic
  7880 | D:6      | Reached XP level 7. HP: 32/32 MP: 4/12
  8087 | D:6      | Found a broken altar of Ashenzari.
  8627 | D:6      | Found a glowing silver altar of Zin.
  8627 | D:6      | Noticed an angel
  8831 | D:6      | Reached skill level 6 in Dodging
  9037 | D:6      | Found a staircase to the Ecumenical Temple.
  9155 | Temple   | Entered the Ecumenical Temple
  9501 | Temple   | Became a worshipper of Yredelemnul the Dark
  9596 | D:6      | Reached skill level 1 in Invocations
  9596 | D:6      | Reached XP level 8. HP: 36/36 MP: 13/13
 10096 | D:7      | Reached skill level 5 in Hexes
 10708 | D:7      | Noticed Dowan
 10717 | D:7      | Noticed Duvessa
 10744 | D:7      | Killed Duvessa
 10744 | D:7      | Killed Dowan
 10745 | D:7      | Reached skill level 7 in Dodging
 11081 | D:7      | Reached * piety under Yredelemnul
 11490 | D:8      | Slain by a vampire mosquito
 11491 | D:8      | Reached XP level 7. HP: -3/32 MP: 12/12
 12115 | D:7      | Slain by a vampire mosquito

Illustrated notes

Levels and vault maps discovered:
D:1:      erik_arrival_orb_chamber, layout_basic, minmay_split_cup_large
D:2:      layout_loops_ring, uniq_terence
D:3:      layout_rooms, kiku_gazebo_garden_becter
D:4:      wad_lake_hut, layout_rooms
D:5:      layout_loops_ring, mainiacjoe_overflow_alcove_4,
          jmf_multi_god_temple2, minmay_holes
D:6:      layout_cave_pools, zin_angel, vehumet_statue,
          mainiacjoe_overflow_boulevard, temple_hall, hangedman_decor_growths,
          roderic_batcave
D:7:      layout_basic, uniq_duvessa
D:8:      layout_basic, gammafunk_ghost_abyssal_escape
Temple:   dpeg_chambers_temple

Skill      XL: |  1  2  3  4  5  6  7  8 |
---------------+-------------------------+-----
Stealth        | 3 4 5 |  5.0
Fighting       | 1 2 3 4 |  4.0
Spellcasting   | 3 |  3.0
Dodging        | 3 4 5 6 7 |  7.0
Unarmed Combat | 1 2 3 4 |  4.0
Summonings     | 5 6 |  6.0
Transmutations | 3 4 |  4.0
Hexes          | 2 4 6 |  6.0
Poison Magic   | 1 2 |  2.0
Invocations    | 1 3 |  3.0

Action                   |  1- 3 |  4- 6 |  7- 9 || total
-------------------------+-------+-------+-------++-------
Melee: Unarmed           |    60 |   109 |   130 ||   299
       Bite              |     4 |    13 |     3 ||    20
       Punch             |       |     1 |     1 ||     2
 Cast: Summon Small Mamm |    37 |    33 |    42 ||   112
       Call Imp          |    25 |    42 |    88 ||   155
       Summon Guardian G |       |     6 |    24 ||    30
       Spider Form       |       |     1 |    15 ||    16
Evoke: Wand              |       |     1 |       ||     1
  Use: Scroll            |       |     1 |     6 ||     7
       Potion            |       |       |     1 ||     1
 Stab: Sleeping          |     3 |     4 |     5 ||    12
       Distracted        |     1 |       |     1 ||     2
Armor: Skin              |     7 |     8 |    18 ||    33
Dodge: Dodged            |    63 |   132 |   299 ||   494

Table legend: (Time is in decaauts)
 A = Elapsed time spent in this place.
 B = Non-inter-level travel time spent in this place.
 C = Inter-level travel time spent in this place.
 D = Time resting spent in this place.
 E = Time spent auto-exploring this place.
 F = Levels seen in this place.
 G = Mean time per level.
                   A        B        C        D        E       F      G
               +--------+--------+--------+--------+--------+-----+--------+
         Total |  11162 |  10980 |    182 |   1844 |   6630 |   9 | 1240.2 |
       Dungeon |  10850 |  10699 |    151 |   1844 |   6361 |   8 | 1356.2 |
        Temple |    311 |    280 |     31 |      0 |    268 |   1 |  311.0 |
               +--------+--------+--------+--------+--------+-----+--------+

Top non-repeatable levels by time:
     D:7: 2121 daAuts
     D:4: 1675 daAuts
     D:5: 1672 daAuts
     D:1: 1523 daAuts
     D:6: 1520 daAuts
     D:2: 1184 daAuts
     D:3: 1032 daAuts
  Temple: 311 daAuts
     D:8: 121 daAuts
